 Dungeon Crawl Stone Soup version 0.30-a0-860-g512cf1e979 (webtiles) character file.

Game seed: 3936788921536757612

14080 retardedninja the Blocker (level 12, -1/97 HPs)
             Began as a Gnoll Fighter on Mar 7, 2023.
             Was an Initiate of Gozag.
             Slain by a +8 long sword (4 damage)
             ... on level 13 of the Dungeon.
             The game lasted 00:18:07 (11283 turns).

retardedninja the Blocker (Gnoll Fighter)          Turns: 11283, Time: 00:18:08

Health: -1/97      AC: 19    Str: 20    XL:     12   Next: 12%
Magic:  22/22      EV:  9    Int:  7    God:    Gozag
Gold:   365        SH: 13    Dex: 15    Spells: 25/25 levels left

rFire   + . .      SeeInvis .    a - +4 war axe (flame)
rCold   + . .      Faith    .    c - +1 buckler
rNeg    . . .      Spirit   .    u - +1 plate armour
rPois   +          Reflect  +    (no helmet)
rElec   +          Rampage  .    (no cloak)
rCorr   +                        (no gloves)
Will    .....                    (no boots) Stlth
                                 d - amulet of reflection
HPRegen 1.16/turn                f - +4 ring of protection
MPRegen 0.18/turn                (no ring)

@: mighty, brilliant, resistant, hasted, invisible, very quick
A: fangs 1, strong nose, distributed training, thin skeletal structure 1,
regeneration 1
a: Renounce Religion, Potion Petition, Call Merchant, Bribe Branch


You were on level 13 of the Dungeon.
You worshipped Gozag.
Gozag was aware of your devotion.
You visited 2 branches of the dungeon, and saw 13 of its levels.

You collected 2091 gold pieces.
You spent 315 gold pieces at shops.
You paid 1411 gold pieces to Gozag.

Inventory:

Hand Weapons
 a - a +4 war axe of flaming (weapon)
Missiles
 o - 3 throwing nets (quivered)
Armour
 c - a +1 buckler (worn)
 u - a +1 plate armour (worn)
Jewellery
 d - an amulet of reflection (around neck)
 f - a +4 ring of protection (left hand)
Wands
 b - a wand of mindburst (11)
 j - a wand of flame (40)
 t - a wand of iceblast (8)
Scrolls
 g - a scroll of fog
 i - 4 scrolls of fear
 k - 4 scrolls of teleportation
 m - 5 scrolls of identify
 n - 4 scrolls of amnesia
 w - a scroll of vulnerability
 x - a scroll of magic mapping {unknown}
Potions
 h - 3 potions of brilliance
 l - 2 potions of lignification
 p - a potion of attraction
 q - 3 potions of magic
 s - a potion of resistance


   Skills:
 + Level 9.8 Fighting
 + Level 7.2 Short Blades
 + Level 7.2 Long Blades
 + Level 8.6 Axes
 + Level 7.2 Maces & Flails
 + Level 7.2 Polearms
 + Level 7.2 Staves
 + Level 7.2 Ranged Weapons
 + Level 7.2 Throwing
 + Level 9.8 Armour
 + Level 7.2 Dodging
 + Level 7.2 Stealth
 + Level 9.8 Shields
 + Level 7.2 Unarmed Combat
 + Level 7.2 Spellcasting
 + Level 6.0 Conjurations
 + Level 6.0 Hexes
 + Level 6.0 Summonings
 + Level 6.0 Necromancy
 + Level 6.0 Translocations
 + Level 6.0 Transmutations
 + Level 6.0 Fire Magic
 + Level 6.0 Ice Magic
 + Level 6.0 Air Magic
 + Level 6.0 Earth Magic
 + Level 6.0 Poison Magic
 + Level 7.9 Invocations
 + Level 7.2 Evocations


You had 25 spell levels left.
You didn't know any spells.
Your spell library contained the following spells:

 Spells                   Type           Power      Damage    Failure   Level
 Freeze                   Ice            64%        1d7       36%         1
 Necrotise                Necr           64%        1d7       36%         1
 Ensorcelled Hibernation  Hex/Ice        32%        N/A       52%         2
 Frozen Ramparts          Ice            32%        1d5       75%         3
 Ignite Poison            Fire/Tmut/Pois 16%        N/A       75%         3
 Kindle Blastsparks       Fire/Tloc/Air  32%        2d12      75%         3
 Vampiric Draining        Necr           16%        2d7       75%         3
 Fulminant Prism          Conj/Hex       8%         3d7       98%         4
 Iskenderun's Mystic Bla  Conj/Tloc      16%        2d5       98%         4
 Summon Ice Beast         Ice/Summ       16%        N/A       98%         4
 Agony                    Necr           16%        N/A       100%        5
 Freezing Cloud           Conj/Ice/Air   8%         6-21      100%        5
 Lee's Rapid Deconstruct  Erth           8%         3d7*      100%        5


Dungeon Overview and Level Annotations

Branches:
Dungeon (11/15)            Temple (1/1) D:4
   Lair: D:8-11         Orc: D:9-12

Altars:
Ashenzari
Cheibriados
Dithmenos
Elyvilon
Fedhas
Gozag
Hepliaklqana
Kikubaaqudgha
Makhleb
Nemelex Xobeh
Qazlal
Ru
Sif Muna
Trog
Uskayaw
Vehumet
Wu Jian
Xom
Yredelemnul
Zin
The Shining One

Shops:
D:6 =(?   D:7 [


Innate Abilities, Weirdness & Mutations

You have very sharp teeth.
Your uncanny sense of smell can sniff out nearby items.
Your experience applies equally to all skills.
You have a somewhat thin skeletal structure. (Dex +2, Stealth+)
Your natural rate of healing is unusually fast.


Message History

The +3 long sword attacks as you move away!
You block the +3 long sword's attack.
The +8 long sword attacks as you move away!
You block the +8 long sword's attack. x2
Okay, then. [a] - 540 gold - might, brilliance and resistance [b] - 400 gold - might, brilliance and invisibility [c] - 690 gold - curing, magic, invisibility and might Purchase which effect?
You feel very mighty all of a sudden.
You feel clever all of a sudden.
You fade into invisibility!
The +8 long sword closely misses you. The +8 long sword hits you!
* * * LOW HITPOINT WARNING * * *
You slash the +8 long sword! You burn the +8 long sword.
The +8 long sword is severely damaged.
The +8 long sword hits you but does no damage.
You closely miss the +8 long sword.
The +8 long sword is severely damaged.
The +8 long sword hits you!
* * * LOW HITPOINT WARNING * * *
You block the +8 long sword's attack. [a] - 504 gold - resistance and invisibility [b] - 700 gold - haste, brilliance, curing and magic [c] - 264 gold - brilliance and magic Purchase which effect?
You no longer have enough gold to fund merchants seeking to open stores in the dungeon.
You feel yourself speed up.
You feel more clever all of a sudden.
You feel better. Magic courses through your body.
The +8 long sword barely misses you. The +8 long sword hits you!
* * * LOW HITPOINT WARNING * * *
[a] - 374 gold - lignification, might and resistance [b] - 672 gold - haste, brilliance and resistance [c] - 260 gold - resistance Purchase which effect?
You no longer have enough gold to petition Gozag for potion effects.
You feel protected. The +8 long sword hits you.
You die...
Your body crumbles into a pile of gold.

..... ...... #.#
....... #?# # C..#
∆..# # ##..# #.# #
#$..# #.# #.##..##
#§#
#.#....####§########
..........§§§§((@..#
......#####§#§####.#
....!.# #§§... #
......# ###.###
####### ..# # ### #
#


You could see 2 dancing weapons.

Vanquished Creatures
  A boulder beetle (D:11)
  A two-headed ogre (D:11)
  A centaur warrior (D:9)
  A manticore (D:9)
  4 cyclopes
  A gargoyle (D:11)
  A kobold demonologist (D:11)
  An unseen horror (D:11)
  A komodo dragon (D:11)
  Grinder (D:6)
  Prince Ribbit (D:7)
  Sigmund (D:2)
  2 shadows (D:9)
  19 yaks
  A vampire (D:11)
  Eustachio (D:4)
  Menkaure (D:5)
  2 steam dragons
  An acid dragon (D:9)
  Duvessa (D:7)
  A water moccasin (D:9)
  An ice beast (D:5)
  A sky beast (D:7)
  An ogre (D:5)
  7 orc warriors
  3 centaurs
  A phantom (D:5)
  5 kobold brigands
  8 bullfrogs
  2 gnoll sergeants
  2 scorpions (D:6)
  5 wights
  Dowan (D:7)
  26 killer bees
  2 hounds
  A gnoll bouda (D:5)
  7 orc priests
  A jelly (D:5)
  Jessica (D:3)
  3 iguanas
  2 sleepcaps
  8 orc wizards
  2 hound zombies (D:4)
  19 gnolls
  10 adders
  2 white imps
  An ufetubus (D:7)
  A worm (D:3)
  3 dart slugs
  18 orcs
  7 endoplasms
  3 giant cockroaches
  10 goblins
  3 hobgoblins
  3 jackals (D:2)
  19 kobolds
  4 quokkas
  8 ball pythons
  3 bats
  5 frilled lizards
  6 rats
259 creatures vanquished.

Vanquished Creatures (others)
  33 plants (D:11)
33 creatures vanquished.

Grand Total: 292 creatures vanquished

Notes
Turn   | Place    | Note
-------+----------+-------------------------------------------
     0 | D:1      | retardedninja the Gnoll Fighter began the quest for the
                  | Orb.
     0 | D:1      | Reached XP level 1. HP: 23/23 MP: 1/1
   175 | D:1      | Reached XP level 2. HP: 29/29 MP: 2/2
   715 | D:2      | Identified the +2 dagger of Ahaeb {antimagic, *Slow rC+
                  | Dex+7}
   758 | D:2      | Reached XP level 3. HP: 34/35 MP: 2/4
   770 | D:2      | Reached skill level 1 in Invocations
   862 | D:2      | Reached skill level 1 in Short Blades
   862 | D:2      | Reached skill level 1 in Long Blades
   862 | D:2      | Reached skill level 1 in Maces & Flails
   862 | D:2      | Reached skill level 1 in Polearms
   862 | D:2      | Reached skill level 1 in Staves
   862 | D:2      | Reached skill level 1 in Ranged Weapons
   862 | D:2      | Reached skill level 1 in Throwing
   862 | D:2      | Reached skill level 1 in Dodging
   862 | D:2      | Reached skill level 1 in Stealth
   862 | D:2      | Reached skill level 1 in Unarmed Combat
   862 | D:2      | Reached skill level 1 in Spellcasting
   862 | D:2      | Reached skill level 1 in Evocations
   961 | D:2      | Noticed Sigmund
   969 | D:2      | HP: 1/35 [Sigmund/+2 scythe of flaming (2)]
   974 | D:2      | Killed Sigmund
   975 | D:2      | Reached skill level 1 in Conjurations
   975 | D:2      | Reached skill level 1 in Hexes
   975 | D:2      | Reached skill level 1 in Summonings
   975 | D:2      | Reached skill level 1 in Necromancy
   975 | D:2      | Reached skill level 1 in Translocations
   975 | D:2      | Reached skill level 1 in Transmutations
   975 | D:2      | Reached skill level 1 in Fire Magic
   975 | D:2      | Reached skill level 1 in Ice Magic
   975 | D:2      | Reached skill level 1 in Air Magic
   975 | D:2      | Reached skill level 1 in Earth Magic
   975 | D:2      | Reached skill level 1 in Poison Magic
   975 | D:2      | Reached XP level 4. HP: 3/41 MP: 4/6
   975 | D:2      | Reached XP level 5. HP: 4/47 MP: 4/7
  1465 | D:2      | Found a faded altar of an unknown god.
  1672 | D:2      | Reached XP level 6. HP: 53/53 MP: 8/8
  1859 | D:3      | Identified the +6 sling "Foymos" {antimagic, rElec rPois
                  | rC+ Int+3}
  2352 | D:3      | Noticed Jessica
  2354 | D:3      | Killed Jessica
  2355 | D:3      | Reached skill level 5 in Axes
  2474 | D:4      | Found a staircase to the Ecumenical Temple.
  2486 | Temple   | Entered the Ecumenical Temple
  2657 | Temple   | Became a worshipper of Gozag Ym Sagoz the Greedy
  2752 | D:4      | HP: 1/53 [something/magic dart (5)]
  2753 | D:4      | Gained mutation: Your natural rate of healing is unusually
                  | fast. [potion of mutation]
  2753 | D:4      | Gained mutation: You have a somewhat thin skeletal
                  | structure. (Dex +2, Stealth+) [potion of mutation]
  3016 | D:4      | Noticed Eustachio
  3284 | D:4      | Reached XP level 7. HP: 60/60 MP: 10/10
  3396 | D:4      | Killed Eustachio
  3426 | D:4      | Found a basalt altar of Yredelemnul.
  3935 | D:5      | Entered Level 5 of the Dungeon
  4108 | D:5      | Reached XP level 8. HP: 62/67 MP: 12/12
  4615 | D:5      | Noticed Menkaure
  4622 | D:5      | Killed Menkaure
  5669 | D:6      | Found Jennesir's Jewellery Emporium.
  5795 | D:6      | Reached XP level 9. HP: 31/73 MP: 14/14
  6004 | D:6      | Noticed Grinder
  6010 | D:6      | Killed Grinder
  6517 | D:6      | Found Bylaodim's Magic Scroll Boutique.
  6534 | D:6      | Found Fostrocux's Weapon Shoppe.
  6574 | D:6      | Bought a scroll of enchant armour for 105 gold pieces
  6574 | D:6      | Bought a scroll of enchant weapon for 105 gold pieces
  6574 | D:6      | Bought a scroll of enchant weapon for 105 gold pieces
  6859 | D:7      | Noticed Prince Ribbit
  6890 | D:7      | Reached skill level 5 in Invocations
  6904 | D:7      | Killed Prince Ribbit
  7232 | D:7      | Noticed Dowan
  7233 | D:7      | Noticed Duvessa
  7247 | D:7      | Killed Duvessa
  7255 | D:7      | Killed Dowan
  7648 | D:7      | Found a snail-covered altar of Cheibriados.
  7650 | D:7      | Found Cheibriados's Comfort Zone.
  8073 | D:8      | Reached skill level 5 in Short Blades
  8073 | D:8      | Reached skill level 5 in Long Blades
  8073 | D:8      | Reached skill level 5 in Maces & Flails
  8073 | D:8      | Reached skill level 5 in Polearms
  8073 | D:8      | Reached skill level 5 in Staves
  8073 | D:8      | Reached skill level 5 in Ranged Weapons
  8073 | D:8      | Reached skill level 5 in Throwing
  8073 | D:8      | Reached skill level 5 in Dodging
  8073 | D:8      | Reached skill level 5 in Stealth
  8073 | D:8      | Reached skill level 5 in Unarmed Combat
  8073 | D:8      | Reached skill level 5 in Spellcasting
  8073 | D:8      | Reached skill level 5 in Evocations
  8073 | D:8      | Reached XP level 10. HP: 75/81 MP: 17/17
  8223 | D:8      | Found a sacrificial altar of Ru.
  8348 | D:8      | Found a glowing golden altar of the Shining One.
  8943 | D:9      | Found a snail-covered altar of Cheibriados.
  8996 | D:9      | Found a shimmering altar of Xom.
  9290 | D:9      | Noticed a centaur warrior
  9299 | D:9      | Noticed a manticore
  9413 | D:9      | Killed a manticore
  9414 | D:9      | Reached skill level 5 in Conjurations
  9414 | D:9      | Reached skill level 5 in Hexes
  9414 | D:9      | Reached skill level 5 in Summonings
  9414 | D:9      | Reached skill level 5 in Necromancy
  9414 | D:9      | Reached skill level 5 in Translocations
  9414 | D:9      | Reached skill level 5 in Transmutations
  9414 | D:9      | Reached skill level 5 in Fire Magic
  9414 | D:9      | Reached skill level 5 in Ice Magic
  9414 | D:9      | Reached skill level 5 in Air Magic
  9414 | D:9      | Reached skill level 5 in Earth Magic
  9414 | D:9      | Reached skill level 5 in Poison Magic
  9414 | D:9      | Reached XP level 11. HP: 32/89 MP: 20/20
  9495 | D:9      | Killed a centaur warrior
  9537 | D:9      | Got the Quarto of the Iceberg
  9750 | D:9      | Noticed a cyclops
  9757 | D:9      | Killed a cyclops
  9850 | D:10     | Entered Level 10 of the Dungeon
 10122 | D:11     | Noticed a cyclops
 10133 | D:11     | Killed a cyclops
 10340 | D:11     | Noticed a cyclops
 10371 | D:11     | Killed a cyclops
 10379 | D:11     | Noticed a boulder beetle
 10413 | D:11     | Killed a boulder beetle
 10642 | D:11     | Noticed a cyclops
 10658 | D:11     | Killed a cyclops
 10823 | D:11     | Noticed a two-headed ogre
 10829 | D:11     | Killed a two-headed ogre
 10830 | D:11     | Reached XP level 12. HP: 60/97 MP: 22/22
 11241 | D:11     | You fall into a shaft and drop 2 floors!
 11281 | D:13     | HP: 2/97 [+8 long sword (16)]
 11283 | D:13     | Slain by a +8 long sword

Illustrated notes

Levels and vault maps discovered:
D:1:      co_arrival_random_square_maze, layout_loops_ring,
          kennysheep_another_room
D:2:      layout_basic, shapermc_ecumenical_altar_venn, chequers_avenue,
          minivault_24, feat_on_display, uniq_sigmund
D:3:      layout_loops_ring, uniq_jessica
D:4:      layout_loops_cross, lemuel_zombie_altar_yredelemnul,
          minmay_temple_entry_glass, minmay_crossroads, uniq_eustachio
D:5:      layout_loops_ring, uniq_menkaure
D:6:      layout_basic, serial_shops, nicolae_shop_bloodbath_and_beyond,
          nicolae_shop_waterfront, nicolae_square_shop, bh_walls_and_bars,
          uniq_grinder
D:7:      layout_loops_ring, minmay_shop_chei, chequers_serial_rivers_micro_c,
          uniq_prince_ribbit1, uniq_duvessa
D:8:      layout_basic, nicolae_ru_great_annihilating_truth,
          mainiacjoe_overflow_24_doors
D:9:      minmay_clustersquares, layout_loops_ring, minitemple
D:10:     gammafunk_jiyva_shrine, layout_basic, mainiacjoe_overflow_brackets
D:11:     layout_basic, david_lair_shrubbed
D:13:     layout_basic, erik_vaults_1
Temple:   nicolae_temple_slightly_damp_pantheon

Skill      XL: |  1  2  3  4  5  6  7  8  9 10 11 12 |
---------------+-------------------------------------+-----
Invocations    | 2 3 4 5 6 7 |  7.9
Short Blades   | 1 2 3 5 6 7 |  7.2
Long Blades    | 1 2 3 5 6 7 |  7.2
Maces & Flails | 1 2 3 5 6 7 |  7.2
Polearms       | 1 2 3 5 6 7 |  7.2
Staves         | 1 2 3 5 6 7 |  7.2
Ranged Weapons | 1 2 3 5 6 7 |  7.2
Throwing       | 1 2 3 5 6 7 |  7.2
Dodging        | 1 2 3 5 6 7 |  7.2
Stealth        | 1 2 3 5 6 7 |  7.2
Unarmed Combat | 1 2 3 5 6 7 |  7.2
Spellcasting   | 1 2 3 5 6 7 |  7.2
Evocations     | 1 2 3 5 6 7 |  7.2
Conjurations   | 1 2 3 4 5 6 |  6.0
Hexes          | 1 2 3 4 5 6 |  6.0
Summonings     | 1 2 3 4 5 6 |  6.0
Necromancy     | 1 2 3 4 5 6 |  6.0
Translocations | 1 2 3 4 5 6 |  6.0
Transmutations | 1 2 3 4 5 6 |  6.0
Fire Magic     | 1 2 3 4 5 6 |  6.0
Ice Magic      | 1 2 3 4 5 6 |  6.0
Air Magic      | 1 2 3 4 5 6 |  6.0
Earth Magic    | 1 2 3 4 5 6 |  6.0
Poison Magic   | 1 2 3 4 5 6 |  6.0
Axes           | 5 6 7 8 |  8.6
Fighting       | 7 8 9 |  9.8
Armour         | 7 8 9 |  9.8
Shields        | 7 8 9 |  9.8

Action                     |  1- 3 |  4- 6 |  7- 9 | 10-12 || total
---------------------------+-------+-------+-------+-------++-------
  Melee: War axe           |    76 |   128 |   255 |   392 ||   851
         Bite              |     6 |    10 |    25 |    49 ||    90
 Invoke: Potion Petition   |       |       |       |     3 ||     3
  Evoke: Wand              |       |     5 |     1 |     5 ||    11
    Use: Potion            |     3 |     6 |     2 |     5 ||    16
         Scroll            |       |     8 |     9 |     6 ||    23
   Stab: Distracted        |       |     1 |     4 |     2 ||     7
         Sleeping          |       |       |     5 |       ||     5
         Paralysed         |       |       |       |     1 ||     1
 Armour: Scale mail        |    29 |    58 |    38 |       ||   125
         Skin              |       |    10 |       |       ||    10
         Plate armour      |       |       |    53 |   235 ||   288
  Dodge: Dodged            |    29 |    39 |   102 |   125 ||   295
  Block: Buckler           |    19 |    34 |   126 |   278 ||   457
         Reflection        |       |       |     2 |     9 ||    11

Table legend: (Time is in decaauts)
 A = Elapsed time spent in this place.
 B = Non-inter-level travel time spent in this place.
 C = Inter-level travel time spent in this place.
 D = Time resting spent in this place.
 E = Time spent auto-exploring this place.
 F = Levels seen in this place.
 G = Mean time per level.
                   A        B        C        D        E       F      G
               +--------+--------+--------+--------+--------+-----+--------+
         Total |  11456 |  11127 |    329 |   3072 |   5929 |  13 |  881.2 |
       Dungeon |  11263 |  10952 |    311 |   3072 |   5781 |  12 |  938.6 |
        Temple |    193 |    175 |     18 |      0 |    148 |   1 |  193.0 |
               +--------+--------+--------+--------+--------+-----+--------+

Top non-repeatable levels by time:
     D:5: 1552 daAuts
     D:7: 1349 daAuts
     D:6: 1276 daAuts
    D:11: 1162 daAuts
     D:9: 1088 daAuts
     D:4: 1073 daAuts
     D:2: 1059 daAuts
     D:3: 970 daAuts
     D:8: 734 daAuts
     D:1: 705 daAuts
    D:10: 247 daAuts
  Temple: 193 daAuts
    D:13: 43 daAuts
